 Dungeon Crawl Stone Soup version 0.29-a0-1047-g7c58e119a4 (webtiles) character file.

Game seed: 2362361672632160035

63 polve the Chopper (level 3, 0/29 HPs)
             Began as a Demonspawn Abyssal Knight on Aug 16, 2022.
             Was a Priest of Lugonu.
             Constricted to death by Sigmund (3 damage)
             ... on level 3 of the Dungeon.
             The game lasted 00:02:14 (1836 turns).

polve the Chopper (Demonspawn Abyssal Knight)       Turns: 1836, Time: 00:02:15

Health: 0/29       AC:  8    Str: 15    XL:     3   Next: 87%
Magic:  4/4        EV:  8    Int: 11    God:    Lugonu [***...]
Gold:   84         SH:  0    Dex: 13    Spells: 2/2 levels left

rFire   . . .      SeeInvis .   a - +1 hand axe
rCold   . . .      Faith    +   (no shield)
rNeg    . . .      Spirit   .   b - +0 ring mail
rPois   .          Reflect  .   (no helmet)
rElec   .          Harm     .   j - +0 cloak
rCorr   .          Rampage  .   k - +0 pair of gloves
Will    .....                   h - +0 pair of boots
Stlth   +.........              i - amulet of faith
HPRegen 0.09/turn               (no ring)
MPRegen 0.09/turn               (no ring)

@: mighty, grasped by roots, flying, constricted
A: foul stench 1, sturdy frame 1
a: Renounce Religion, Depart the Abyss, Bend Space, Banish


You were on level 3 of the Dungeon.
You worshipped Lugonu.
Lugonu was most pleased with you.
You visited 1 branch of the dungeon, and saw 3 of its levels.
You visited the Abyss 1 time.

You collected 84 gold pieces.

Inventory:

Hand Weapons
 a - a +1 hand axe (weapon)
Missiles
 c - a throwing net
Armour
 b - a +0 ring mail (worn)
 h - a +0 pair of boots (worn)
 j - a +0 cloak (worn)
 k - a +0 pair of gloves (worn)
Jewellery
 i - an amulet of faith (around neck)
Scrolls
 d - a scroll of poison {unknown}
 e - a scroll of vulnerability {unknown}
 f - a scroll of identify {unknown}
 g - a scroll of immolation {unknown}
 l - a scroll of summoning {unknown}
 m - a scroll of fog {unknown}
 s - a scroll of enchant armour {unknown}
Potions
 q - a potion of mutation


   Skills:
 - Level 3.0 Fighting
 + Level 3.9 Axes
 - Level 1.7 Armour
 - Level 0.8 Dodging
 - Level 2.4 Invocations


You had 2 spell levels left.
You didn't know any spells.
Your spell library contained the following spells:

 Spells                   Type           Power      Damage    Failure   Level
 Beastly Appendage        Tmut           0%         N/A       45%         1
 Wereblood                Tmut           0%         N/A       58%         2
 Spider Form              Tmut/Pois      0%         N/A       83%         3


Dungeon Overview and Level Annotations

Branches:
Dungeon (2/15)

Altars:

Shops:
D:1 [   D:2 (

Annotations:
D:3 Sigmund


Innate Abilities, Weirdness & Mutations

You may rarely emit foul miasma when damaged in melee.
Your movements are slightly less encumbered by armour. (ER -2)


Message History

You fly up into the air.
The hobgoblin hits you but does no damage.
It was a potion of mutation.
You feel extremely strange.
You feel less encumbered by your armour.
The hobgoblin barely misses you.
It was a potion of ambrosia.
You are confused.
You feel invigorated. The hobgoblin barely misses you.
You closely miss the hobgoblin.
The hobgoblin hits you but does no damage.
Sigmund hits you but does no damage.
You bump into the rock wall.
The hobgoblin closely misses you.
You bump into the rock wall.
You feel less invigorated.
You feel less confused. Sigmund barely misses you.
The hobgoblin hits you but does no damage.
It was a potion of might.
You feel very mighty all of a sudden. Sigmund looks at you with fury.
Sigmund zaps a wand.
The roots erupt in riotous growth!
The hobgoblin is unaffected.
Sigmund is unaffected.
The grasping roots grab you!
The bullfrog is unaffected.
The grasping roots constrict you.
The hobgoblin hits you but does no damage.
You slash the hobgoblin!
You kill the hobgoblin!
Lugonu accepts your kill.
Sigmund hits you from afar with a +2 vorpal scythe!
The grasping roots constrict you.
The bullfrog hits you but does no damage.
You slash the bullfrog!
The bullfrog is heavily wounded.
The bullfrog hits you.
You hit the bullfrog.
The bullfrog is severely wounded.
The bullfrog completely misses you.
Sigmund hits you from afar with a +2 vorpal scythe.
* * * LOW HITPOINT WARNING * * *
x2 The grasping roots constrict you.
You die...

........#
........# #
........+ .#
........# ###.
........# #..
.[.....g# #.#
........# #@#
........######F#
........@.F..@.#
################


You could see Sigmund and a bullfrog.

Vanquished Creatures
  A worm (D:2)
  2 dart slugs (D:2)
  6 bats
  6 endoplasms
  3 giant cockroaches
  6 hobgoblins
  3 jackals (D:1)
  5 kobolds
  A quokka (D:1)
  3 ball pythons
  3 frilled lizards
  3 goblins
  9 rats
51 creatures vanquished.

Notes
Turn   | Place    | Note
-------+----------+-------------------------------------------
     0 | Abyss:1  | polve the Demonspawn Abyssal Knight began the quest for the
                  | Orb.
     0 | Abyss:1  | Reached XP level 1. HP: 18/18 MP: 2/2
   120 | Abyss:1  | Noticed a thrashing horror
   121 | D:1      | Escaped the Abyss
   225 | D:1      | Reached ** piety under Lugonu
   436 | D:1      | Gained mutation: You may rarely emit foul miasma when
                  | damaged in melee. [demonic ancestry]
   436 | D:1      | Reached XP level 2. HP: 24/24 MP: 3/3
   939 | D:1      | Found a faded altar of an unknown god.
  1006 | D:1      | Found Gethraadgh's Armour Shoppe.
  1012 | D:1      | Reached XP level 3. HP: 26/29 MP: 4/4
  1574 | D:2      | Reached *** piety under Lugonu
  1759 | D:2      | Found Caxyfol's Antique Weapon Boutique.
  1814 | D:2      | You fall into a shaft and drop 1 floor!
  1815 | D:3      | Noticed Sigmund
  1816 | D:3      | Noticed a bullfrog
  1828 | D:3      | Gained mutation: Your movements are slightly less
                  | encumbered by armour. (ER -2) [potion of mutation]
  1836 | D:3      | Constricted to death by Sigmund

Illustrated notes

Levels and vault maps discovered:
D:1:      sevenhm_arrival_forest_fort_small_5, layout_rooms, serial_shops, shop,
          shapermc_ecumenical_altar_mp_vishouse
D:2:      layout_rooms, serial_shops, nicolae_shop_hallway_stairs,
          minmay_split_cup_small
D:3:      layout_basic, mainiacjoe_overflow_concentric_impassable,
          mainiacjoe_overflow_24_doors, uniq_sigmund

Skill      XL: |  1  2 |
---------------+-------+-----
Axes           | 2 3 |  3.9
Fighting       | |  3.0
Armour         | |  1.7
Dodging        | |  0.8
Invocations    | |  2.4

Action                   || total
-------------------------++-------
Melee: Hand axe          ||   122
Invok: Depart the Abyss  ||     1
  Use: Potion            ||     5
Armor: Leather armour    ||    10
       Ring mail         ||    65
Dodge: Dodged            ||    88

Table legend: (Time is in decaauts)
 A = Elapsed time spent in this place.
 B = Non-inter-level travel time spent in this place.
 C = Inter-level travel time spent in this place.
 D = Time resting spent in this place.
 E = Time spent auto-exploring this place.
 F = Levels seen in this place.
 G = Mean time per level.
                   A        B        C        D        E       F      G
               +--------+--------+--------+--------+--------+-----+--------+
         Total |   1870 |   1845 |     25 |      0 |   1480 |   4 |  467.5 |
       Dungeon |   1743 |   1718 |     25 |      0 |   1353 |   3 |  581.0 |
         Abyss |    127 |    127 |      0 |      0 |    126 |   1 |  127.0 |
               +--------+--------+--------+--------+--------+-----+--------+

Top non-repeatable levels by time:
     D:1: 1078 daAuts
     D:2: 642 daAuts
 Abyss:1: 127 daAuts
     D:3: 22 daAuts
